 Dungeon Crawl Stone Soup version 0.24.0-13-gcf9b319 (webtiles) character file.

Game seed: 4424873354834872468, levelgen mode: deterministic

123 Fortress the Conjurer (level 4, 0/33 HPs)
             Began as a Draconian Conjurer on Jan 8, 2020.
             Succumbed to an orc wizard's poison
             ... on level 3 of the Dungeon.
             The game lasted 00:06:31 (1922 turns).

Fortress the Conjurer (Draconian Conjurer)          Turns: 1922, Time: 00:06:32

Health: 0/33       AC:  5    Str: 11    XL:     4   Next: 80%
Magic:  1/8        EV: 18    Int: 16    God:
Gold:   77         SH:  0    Dex: 16    Spells: 8/9 levels left

rFire    . . .     SeeInvis .   h - +0 hand axe
rCold    . . .     Gourm    .   (no shield)
rNeg     . . .     Faith    .   (armour unavailable)
rPois    .         Spirit   .   (helmet restricted)
rElec    .         Reflect  .   (no cloak)
rCorr    .         Harm     .   (no gloves)
MR       .....                  (no boots)
Stlth    +++.......             (no amulet)
HPRegen  0.11/turn              (no ring)
MPRegen  0.11/turn              (no ring)

@: agile, lethally poisoned (0 -> -18), slowed, very slow
A: unfitting armour, cold-blooded, AC +5
a: no special abilities


You were on level 3 of the Dungeon.
You were not hungry.

You visited 1 branch of the dungeon, and saw 3 of its levels.

You collected 77 gold pieces.

Inventory:

Hand Weapons
 d - a +1 dagger of venom
 h - a +0 hand axe (weapon)
Scrolls
 a - a scroll of identify {unknown}
 c - 2 scrolls of remove curse {unknown}
 f - a scroll of magic mapping {unknown}
 g - a scroll of fear {unknown}
 i - a scroll of enchant weapon {unknown}
Comestibles
 b - 3 rations


   Skills:
 + Level 0.1 Axes
 - Level 2.0 Dodging
 - Level 2.0 Stealth
 + Level 3.0 Spellcasting
 + Level 5.4 Conjurations


You had 8 spell levels left.
You knew the following spells:

 Your Spells              Type           Power        Failure   Level  Hunger
a - Magic Dart            Conj           ###.         1%          1    #......

Your spell library contained the following spells:

 Spells                   Type           Power        Failure   Level  Hunger
 Searing Ray              Conj           ###...       3%          2    ##.....
 Dazzling Spray           Conj/Hex       ##....       19%         3    ###....
 Iskenderun's Mystic Bla  Conj           ###.....     21%         4    #####..
 Force Lance              Conj/Tloc      ##......     52%         4    #####..
 Fulminant Prism          Conj/Hex       ##........   52%         4    #####..


Dungeon Overview and Level Annotations

Branches:
Dungeon (3/15)

Altars:


Innate Abilities, Weirdness & Mutations

Your plain brown scales are hard. (AC +5)
You cannot fit into any form of body armour.
You are cold-blooded and may be slowed by cold attacks.


Message History

You hit the orc wizard.
You kill the orc wizard!
Your Spellcasting skill increases to level 3!
* * * LOW HITPOINT WARNING * * *
You feel very sick.
* * * LOW HITPOINT WARNING * * *
You feel very sick.
Things that are here:
a +1 dagger of venom; a +0 robe; an orc corpse
d - a +1 dagger of venom
* * * LOW HITPOINT WARNING * * *
You feel sick.
You butcher the orc corpse.
* * * LOW HITPOINT WARNING * * *
You feel very sick.
Things that are here:
a +0 robe; a chunk of flesh; an orc skeleton Eat a chunk of flesh? (ye/n/q)
You eat the chunk of flesh.
This raw flesh tastes terrible.
You die...

#.# #.# #.# #.#
#.# ## #.#### #.
#....# #†#####
####.# #)..@.#
#.# #####.# #.#
#.# #.# #.# #.#
#.# #.# #.# #.#
#.# #.#
#.#############.#
#...............#


There were no monsters in sight!

Vanquished Creatures
  An orc wizard (D:3)
  Terence (D:2)
  An adder (D:2)
  2 dart slugs (D:1)
  3 leopard geckos (D:1)
  2 orcs (D:3)
  8 bats
  4 giant cockroaches
  8 goblins
  2 hobgoblins (D:1)
  3 jackals (D:1)
  2 frilled lizards (D:1)
  6 kobolds
  4 rats
47 creatures vanquished.

Notes
Turn   | Place    | Note
-------+----------+-------------------------------------------
     0 | D:1      | Fortress the Draconian Conjurer began the quest for the
                  | Orb.
     0 | D:1      | Reached XP level 1. HP: 14/14 MP: 3/3
   154 | D:1      | Reached XP level 2. HP: 18/20 MP: 0/5
   443 | D:1      | Reached XP level 3. HP: 26/26 MP: 1/6
  1312 | D:2      | Reached skill level 5 in Conjurations
  1514 | D:2      | Noticed Terence
  1543 | D:2      | Killed Terence
  1543 | D:2      | Reached XP level 4. HP: 28/33 MP: 1/8
  1922 | D:3      | Succumbed to an orc wizard's poison

Levels and vault maps discovered:
D:1:      lightli_arrival_flooded_house, layout_basic
D:2:      wander_river, layout_rooms, uniq_terence
D:3:      layout_basic, uniq_jessica, uniq_robin

Skill      XL: |  1  2  3  4 |
---------------+-------------+-----
Stealth        | 2 |  2.0
Dodging        | 2 |  2.0
Conjurations   | 5 |  5.4
Spellcasting   | 3 |  3.0
Axes           | |  0.1

Action                   |  1- 3 |  4- 6 || total
-------------------------+-------+-------++-------
Melee: Unarmed           |    53 |       ||    53
       Tailslap          |     7 |     1 ||     8
       Hand axe          |    15 |    14 ||    29
 Cast: Magic Dart        |    81 |    13 ||    94
  Use: Potion            |       |     2 ||     2
 Stab: Sleeping          |     1 |       ||     1
  Eat: Chunk             |     2 |     3 ||     5
Armor: Skin              |    25 |     6 ||    31
Dodge: Dodged            |    67 |    17 ||    84
